Devils vs Tigers

Created - Sunday, January 24, 2016 at 02:51

Goals
1 2 3 OT1 SO T
Devils 0 1 0 0 0 1
Tigers 0 1 0 0 1 2
Shots
1 2 3 OT1 SO T
Devils 14 9 14 3 5 40
Tigers 6 7 6 3 5 22

1st period

No Goal

Penalties :
Ian White (BRI) for Roughing (Double Minor) at 15:17

2nd period

1. Tigers , Ronalds Kenins 17 (Kyle Quincey) at 5:51
2. Devils , Yanni Gourde 7 (Zach O'Brien) at 8:32

Penalties :
Anthony Peluso (BRI) for Fighting (Major) at 2:19, Chris Mueller (ALB) for Fighting (Major) at 2:19, Alexander Khokhlachev (BRI) for Hooking (Minor) at 2:59

3rd period

No Goal

Penalties :
Rene Bourque (BRI) for Hooking (Minor) at 0:43, Anthony Peluso (BRI) for Interference (Minor) at 4:44, Anthony Peluso (BRI) for Slashing (Minor) at 12:41

Overtime #1

No Goal

Penalties :
No Penalty

Shootout

Penalty Shot by Tom Kuhnhackl for Devils - Stopped by Cam Ward
Penalty Shot by Rene Bourque for Tigers - Stopped by Anthony Stolarz
Penalty Shot by Justin Dowling for Devils - Stopped by Cam Ward
Penalty Shot by Brandon Bollig for Tigers - Shot Misses the Net
Penalty Shot by Chris Mueller for Devils - Stopped by Cam Ward
Penalty Shot by Patrick Kaleta for Tigers - Stopped by Anthony Stolarz
Penalty Shot by Jordan Martinook for Devils - Stopped by Cam Ward
Penalty Shot by Ty Rattie for Tigers - Shot Misses the Net
Penalty Shot by Matthew Ford for Devils - Stopped by Cam Ward
Penalty Shot by Ronalds Kenins for Tigers - Goal!

Penalties :
No Penalty

Goalie Stats

Anthony Stolarz (ALB), 21 saves from 22 shots - (0.955), OTL, 14-12-10, 65:00 minutes
Cam Ward (BRI), 39 saves from 40 shots - (0.975), W, 24-4-12, 65:00 minutes

Players Stats for Devils

Player Name              G  A  P  +/- PIM S  H  SB GA TA FO     MP     PP MP  PK MP  
------------------------------------------------------------------------------------
Austin Fyten             0  0  0   0  0   0  0  0  0  0  0/0     0:00   0:00   0:00 
Chris Mueller            0  0  0   0  5   2  2  0  2  1  4/9    19:09   4:52   0:00 
Colin Miller             0  0  0   1  0   1  3  3  1  0  0/0    25:02   6:57   0:00 
Curtis Hamilton          0  0  0  -1  0   3  4  1  1  0  0/0    15:22   0:00   0:00 
Darren Archibald         0  0  0   0  0   1  3  0  0  0  1/1     9:43   0:00   0:00 
Gabriel Beaupre          0  0  0  -1  0   3  3  1  0  0  0/0    25:37   4:58   0:00 
John Ramage              0  0  0  -1  0   0  1  0  0  0  0/0    15:37   0:00   0:00 
Jordan Martinook         0  0  0   0  0   6  2  0  4  0  0/1    19:40   6:12   0:00 
Justin Dowling           0  0  0  -1  0   5  2  1  6  0  5/10   18:53   0:22   0:00 
Matthew Ford             0  0  0  -1  0   2  2  0  3  0  1/1    15:10   0:58   0:00 
Scooter Vaughan          0  0  0   1  0   1  1  1  1  1  0/0    26:19   4:58   0:00 
Scott Czarnowczan        0  0  0   0  0   1  2  0  0  2  0/0    25:00   6:57   0:00 
Sean Collins             0  0  0   0  0   4  1  1  0  0  4/7    14:01   5:43   0:00 
Sena Acolatse            0  0  0   0  0   0  1  0  0  0  0/0    17:17   0:00   0:00 
Shawn Szydlowski         0  0  0   1  0   0  2  0  0  1  0/0    12:31   0:00   0:00 
Tom Kuhnhackl            0  0  0   0  0   3  3  1  0  2  0/0    21:55   5:43   0:00 
Yanni Gourde             1  0  1   1  0   3  0  1  9  0  2/3    19:35   5:43   0:00 
Zach O'Brien             0  1  1   1  0   5  1  1  2  0  3/9    19:08   6:12   0:00 

Players Stats for Tigers

Player Name              G  A  P  +/- PIM S  H  SB GA TA FO     MP     PP MP  PK MP  
------------------------------------------------------------------------------------
Adam Comrie              0  0  0  -1  0   0  1  1  0  3  0/0    22:24   0:00   5:26 
Alexander Khokhlachev    0  0  0   0  2   1  1  0  0  0  6/10   15:49   0:00   0:00 
Anthony Peluso           0  0  0  -1  9   1  2  0  2  1  0/0    13:44   0:00   0:00 
Brandon Bollig           0  0  0   0  0   2  2  1  3  1  1/1    22:10   0:00   5:02 
Brandon Defazio          0  0  0   1  0   0  1  0  0  0  1/1    10:13   0:00   2:55 
Carter Rowney            0  0  0   0  0   0  1  1  0  1  4/5    14:07   0:00   0:00 
Chandler Stephenson      0  0  0   0  0   1  1  0  0  1  6/12   17:21   0:00   2:03 
Connor Carrick           0  0  0  -1  0   1  0  1  0  0  0/0    22:24   0:00   5:26 
Harry Zolnierczyk        0  0  0   0  0   1  1  0  0  0  1/2     8:51   0:00   3:45 
Ian White                0  0  0   0  4   1  0  0  0  0  0/0    15:20   0:00   0:00 
Jordan Leopold           0  0  0   0  0   0  0  2  1  1  0/0    21:40   0:00   6:29 
Kane Lafranchise         0  0  0   0  0   2  0  1  0  1  0/0    15:34   0:00   0:00 
Keith Seabrook           0  0  0   1  0   0  0  0  0  0  0/0     5:35   0:00   0:00 
Kyle Quincey             0  1  1   1  0   1  2  4  0  4  0/0    27:02   0:00   6:29 
Patrick Kaleta           0  0  0   0  0   2  2  0  2  1  0/2    17:57   0:00   2:23 
Rene Bourque             0  0  0   0  2   1  0  0  1  1  2/8    23:24   0:00   5:19 
Ronalds Kenins           1  0  1   0  0   5  0  0  2  1  0/0    16:26   0:00   0:00 
Ty Rattie                0  0  0   0  0   3  1  0  0  0  0/0    17:58   0:00   2:23 

3 Stars

1 - Cam Ward (BRI)
2 - Anthony Stolarz (ALB)
3 - Yanni Gourde (ALB)

Power Play

Devils - 0 on 6 Attempt(s) - 0.00%
Tigers - 0 on 0 Attempt(s) - 0.00%

Penalty Kill

Devils - 0 on 0 Attempt(s) - 0.00% - Score 0 goal in Penalty Kill
Tigers - 6 on 6 Attempt(s) - 100.00% - Score 0 goal in Penalty Kill

Team Stat

Devils - Hits : 33 - Faceoff Wins : 20 - Blocked Shots : 11 - Penalty Minutes : 5
Tigers - Hits : 15 - Faceoff Wins : 21 - Blocked Shots : 11 - Penalty Minutes : 17

Official

Referees : Unknown
Linesman : Unknown

Game Notes

Anthony Peluso and Chris Mueller fight to a draw at 2:19 of 2nd period

Finance

Level 1 -- Attendance: 1582 (79.10%) -- Ticket Income $55,370
Level 2 -- Attendance: 727 (72.70%) -- Ticket Income $10,905
Total Attendance: 2309 (76.97%)
Total Ticket Income: $66,275
Other Income: $32,475
Total Income: $98,750

Devils

5 vs 5 Forward 
   Center                   Left Wing                Right Wing               Time % Phy DF OF 
 1 Chris Mueller            Jordan Martinook         Tom Kuhnhackl            35     1   2  2  
 2 Zach O'Brien             Yanni Gourde             Shawn Szydlowski         30     1   2  2  
 3 Justin Dowling           Curtis Hamilton          Matthew Ford             22     1   2  2  
 4 Sean Collins             Darren Archibald         Scooter Vaughan          13     1   2  2  

5 vs 5 Defense 
   Defense                  Defense                                           Time % Phy DF OF 
 1 Scooter Vaughan          Colin Miller                                      35     1   2  2  
 2 Gabriel Beaupre          John Ramage                                       30     1   2  2  
 3 Sena Acolatse            Scott Czarnowczan                                 22     1   2  2  
 4 Colin Miller             Gabriel Beaupre                                   13     1   2  2  

PowerPlay Forward 
   Center                   Left Wing                Right Wing               Time % Phy DF OF 
 1 Chris Mueller            Jordan Martinook         Zach O'Brien             60     1   2  2  
 2 Sean Collins             Yanni Gourde             Tom Kuhnhackl            40     1   2  2  

PowerPlay Defense
   Defense                  Defense                                           Time % Phy DF OF 
 1 Scott Czarnowczan        Colin Miller                                      60     1   2  2  
 2 Scooter Vaughan          Gabriel Beaupre                                   40     1   2  2  

Penalty Kill 4 Players Forward 
   Center                   Wing                     Time % Phy DF OF 
 1 Chris Mueller            Jordan Martinook         60     1   2  2  
 2 Justin Dowling           Zach O'Brien             40     1   2  2  

Penalty Kill 4 Players Defense
   Defense                  Defense                  Time % Phy DF OF 
 1 Gabriel Beaupre          John Ramage              60     1   2  2  
 2 Scott Czarnowczan        Scooter Vaughan          40     1   2  2  

Penalty Kill - 3 Players Forward 
   Forward                                           Time % Phy DF OF 
 1 Chris Mueller                                     60     1   2  2  
 2 Justin Dowling                                    40     1   2  2  

Penalty Kill - 3 Players Defense
   Defense                  Defense                  Time % Phy DF OF 
 1 Gabriel Beaupre          Scott Czarnowczan        60     1   2  2  
 2 John Ramage              Sena Acolatse            40     1   2  2  

4 vs 4 Forward 
   Center                   Wing                     Time % Phy DF OF 
 1 Justin Dowling           Darren Archibald         60     1   2  2  
 2 Chris Mueller            Zach O'Brien             40     1   2  2  

4 vs 4 Defense
   Defense                  Defense                  Time % Phy DF OF 
 1 Scooter Vaughan          Scott Czarnowczan        60     1   2  2  
 2 Gabriel Beaupre          Sena Acolatse            40     1   2  2  

Last Minutes Offensive
   Center                   Left Wing                Right Wing               Defense                  Defense                  
   Jordan Martinook         Chris Mueller            Justin Dowling           Scott Czarnowczan        Colin Miller             

Last Minutes Defensive
   Center                   Left Wing                Right Wing               Defense                  Defense                  
   Jordan Martinook         Chris Mueller            Justin Dowling           Scott Czarnowczan        Colin Miller             

Goaltenders
Starting : Anthony Stolarz          
Backup : Jason Missiaen           

Extra Forwards
Normal : Tom Kuhnhackl, Justin Dowling, Chris Mueller - PP : Jordan Martinook, Matthew Ford - PK : Justin Dowling
Extra Defensemen
Normal : Sena Acolatse, John Ramage, Scott Czarnowczan - PP : Scott Czarnowczan - PK : Gabriel Beaupre, Scott Czarnowczan
Penalty Shots
Tom Kuhnhackl, Justin Dowling, Chris Mueller, Jordan Martinook, Matthew Ford

Tigers

5 vs 5 Forward 
   Center                   Left Wing                Right Wing               Time % Phy DF OF 
 1 Alexander Khokhlachev    Rene Bourque             Patrick Kaleta           35     1   2  2  
 2 Carter Rowney            Brandon Bollig           Ty Rattie                30     1   2  2  
 3 Chandler Stephenson      Ronalds Kenins           Anthony Peluso           22     1   2  2  
 4 Rene Bourque             Harry Zolnierczyk        Brandon Bollig           13     1   2  2  

5 vs 5 Defense 
   Defense                  Defense                                           Time % Phy DF OF 
 1 Kyle Quincey             Jordan Leopold                                    35     1   2  2  
 2 Connor Carrick           Adam Comrie                                       30     1   2  2  
 3 Kane Lafranchise         Ian White                                         22     1   2  2  
 4 Keith Seabrook           Kyle Quincey                                      13     1   2  2  

PowerPlay Forward 
   Center                   Left Wing                Right Wing               Time % Phy DF OF 
 1 Alexander Khokhlachev    Rene Bourque             Patrick Kaleta           60     1   2  2  
 2 Carter Rowney            Brandon Bollig           Ty Rattie                40     1   2  2  

PowerPlay Defense
   Defense                  Defense                                           Time % Phy DF OF 
 1 Kyle Quincey             Jordan Leopold                                    60     1   2  2  
 2 Connor Carrick           Adam Comrie                                       40     1   2  2  

Penalty Kill 4 Players Forward 
   Center                   Wing                     Time % Phy DF OF 
 1 Rene Bourque             Brandon Bollig           60     1   2  2  
 2 Patrick Kaleta           Ty Rattie                40     1   2  2  

Penalty Kill 4 Players Defense
   Defense                  Defense                  Time % Phy DF OF 
 1 Kyle Quincey             Jordan Leopold           60     1   2  2  
 2 Connor Carrick           Adam Comrie              40     1   2  2  

Penalty Kill - 3 Players Forward 
   Forward                                           Time % Phy DF OF 
 1 Rene Bourque                                      60     1   2  2  
 2 Brandon Bollig                                    40     1   2  2  

Penalty Kill - 3 Players Defense
   Defense                  Defense                  Time % Phy DF OF 
 1 Kyle Quincey             Jordan Leopold           60     1   2  2  
 2 Connor Carrick           Adam Comrie              40     1   2  2  

4 vs 4 Forward 
   Center                   Wing                     Time % Phy DF OF 
 1 Rene Bourque             Brandon Bollig           60     1   2  2  
 2 Patrick Kaleta           Ty Rattie                40     1   2  2  

4 vs 4 Defense
   Defense                  Defense                  Time % Phy DF OF 
 1 Kyle Quincey             Jordan Leopold           60     1   2  2  
 2 Connor Carrick           Adam Comrie              40     1   2  2  

Last Minutes Offensive
   Center                   Left Wing                Right Wing               Defense                  Defense                  
   Alexander Khokhlachev    Rene Bourque             Patrick Kaleta           Kyle Quincey             Jordan Leopold           

Last Minutes Defensive
   Center                   Left Wing                Right Wing               Defense                  Defense                  
   Alexander Khokhlachev    Rene Bourque             Patrick Kaleta           Kyle Quincey             Jordan Leopold           

Goaltenders
Starting : Cam Ward                 
Backup : Scott Munroe             

Extra Forwards
Normal : Brandon Defazio, Ronalds Kenins, Harry Zolnierczyk - PP : Brandon Defazio, Ronalds Kenins - PK : Harry Zolnierczyk
Extra Defensemen
Normal : Kane Lafranchise, Ian White, Keith Seabrook - PP : Kane Lafranchise - PK : Ian White, Keith Seabrook
Penalty Shots
Rene Bourque, Brandon Bollig, Patrick Kaleta, Ty Rattie, Ronalds Kenins

% Time on Ice - Devils

Lines # - Real PCT - Wanted PCT - Time Play
Normal Forward
1 - 28% - 35% - 13:28
2 - 28% - 30% - 13:26
3 - 29% - 22% - 13:48
4 - 15% - 13% - 7:23
Normal Defense
1 - 31% - 35% - 14:49
2 - 34% - 30% - 16:07
3 - 30% - 22% - 14:14
4 - 6% - 13% - 2:55
PP Forward
1 - 52% - 60% - 6:12
2 - 48% - 40% - 5:43
PP Defense
1 - 58% - 60% - 6:57
2 - 42% - 40% - 4:58
PK Forward
1 - 0% - 60%
2 - 0% - 40%
PK Defense
1 - 0% - 60%
2 - 0% - 40%
PK3 Forward
1 - 0% - 60%
2 - 0% - 40%
PK3 Defense
1 - 0% - 60%
2 - 0% - 40%
44 Forward
1 - 100% - 60% - 5:00
2 - 0% - 40% - 0:00
44 Defense
1 - 54% - 60% - 2:41
2 - 46% - 40% - 2:19
Last Minute Offensive  - 0:00
Last Minute Defensive  - 0:00
Total
Forward - 65:00
Defense - 65:00

% Time on Ice - Tigers

Lines # - Real PCT - Wanted PCT - Time Play
Normal Forward
1 - 34% - 35% - 16:32
2 - 29% - 30% - 14:07
3 - 30% - 22% - 14:30
4 - 6% - 13% - 2:56
Normal Defense
1 - 26% - 35% - 12:26
2 - 31% - 30% - 14:43
3 - 32% - 22% - 15:21
4 - 12% - 13% - 5:35
PP Forward
1 - 0% - 60%
2 - 0% - 40%
PP Defense
1 - 0% - 60%
2 - 0% - 40%
PK Forward
1 - 80% - 60% - 9:32
2 - 20% - 40% - 2:23
PK Defense
1 - 54% - 60% - 6:29
2 - 46% - 40% - 5:26
PK3 Forward
1 - 0% - 60%
2 - 0% - 40%
PK3 Defense
1 - 0% - 60%
2 - 0% - 40%
44 Forward
1 - 84% - 60% - 4:11
2 - 16% - 40% - 0:49
44 Defense
1 - 55% - 60% - 2:45
2 - 45% - 40% - 2:15
Last Minute Offensive  - 0:00
Last Minute Defensive  - 0:00
Total
Forward - 65:00
Defense - 65:00

Play by Play

1st period


0:01 of 1st period - Alexander Khokhlachev wins face-off versus Jordan Martinook in neutral zone.
0:04 of 1st period - Colin Miller is hit by Patrick Kaleta and loses puck.
1:01 of 1st period - Slapshot by Ty Rattie.
1:01 of 1st period - Stopped by Anthony Stolarz with a rebound.
1:03 of 1st period - Slapshot by Connor Carrick.
1:03 of 1st period - Shot Blocked by Scooter Vaughan.
1:05 of 1st period - Snap shot by Ty Rattie.
1:05 of 1st period - Stopped by Anthony Stolarz with a rebound.
1:35 of 1st period - Slapshot by Ronalds Kenins.
1:35 of 1st period - Shot Misses the Net.
2:17 of 1st period - Wrist shot by Justin Dowling.
2:17 of 1st period - Stopped by Cam Ward with a rebound.
2:32 of 1st period - Chris Mueller is hit by Harry Zolnierczyk and loses puck.
3:09 of 1st period - Wrist shot by Sean Collins.
3:09 of 1st period - Stopped by Cam Ward with a rebound.
3:23 of 1st period - Slapshot by Brandon Bollig.
3:23 of 1st period - Stopped by Anthony Stolarz with a rebound.
3:25 of 1st period - Slapshot by Connor Carrick.
3:25 of 1st period - Shot Misses the Net.
3:27 of 1st period - Snap shot by Brandon Bollig.
3:27 of 1st period - Shot Blocked by Justin Dowling.
3:47 of 1st period - Wrist shot by Alexander Khokhlachev.
3:47 of 1st period - Stopped by Anthony Stolarz without a rebound.
3:48 of 1st period - Rene Bourque wins face-off versus Zach O'Brien in Devils zone.
4:58 of 1st period - Slapshot by Chris Mueller.
4:58 of 1st period - Shot Misses the Net.
5:12 of 1st period - Darren Archibald is hit by Anthony Peluso and loses puck.
5:44 of 1st period - Patrick Kaleta is hit by Justin Dowling.
5:49 of 1st period - Off-side.
5:50 of 1st period - Justin Dowling wins face-off versus Alexander Khokhlachev in neutral zone.
5:55 of 1st period - Snap shot by Curtis Hamilton.
5:55 of 1st period - Shot Misses the Net.
7:18 of 1st period - Slapshot by Sena Acolatse.
7:18 of 1st period - Deflect By Sean Collins.
7:18 of 1st period - Shot Blocked by Carter Rowney.
7:18 of 1st period - Puck is out of play.
7:19 of 1st period - Carter Rowney wins face-off versus Sean Collins in Tigers zone.
8:00 of 1st period - Ronalds Kenins is hit by Colin Miller and loses puck.
8:30 of 1st period - Chris Mueller is hit by Patrick Kaleta and loses puck.
9:19 of 1st period - Kyle Quincey is hit by Sena Acolatse and loses puck.
9:43 of 1st period - Wrist shot by Patrick Kaleta.
9:43 of 1st period - Stopped by Anthony Stolarz with a rebound.
9:46 of 1st period - Icing by Darren Archibald.
9:47 of 1st period - Sean Collins wins face-off versus Alexander Khokhlachev in Devils zone.
9:52 of 1st period - Rene Bourque is hit by Darren Archibald and loses puck.
10:25 of 1st period - Chandler Stephenson is hit by Curtis Hamilton and loses puck.
10:54 of 1st period - Wrist shot by Curtis Hamilton.
10:54 of 1st period - Stopped by Cam Ward with a rebound.
10:56 of 1st period - Wrist shot by Curtis Hamilton.
10:56 of 1st period - Deflect By Justin Dowling.
10:56 of 1st period - Stopped by Cam Ward with a rebound.
11:06 of 1st period - Ty Rattie is hit by Shawn Szydlowski and loses puck.
11:13 of 1st period - Wrist shot by Zach O'Brien.
11:13 of 1st period - Shot Misses the Net.
11:23 of 1st period - Slapshot by Zach O'Brien.
11:23 of 1st period - Stopped by Cam Ward with a rebound.
11:25 of 1st period - Snap shot by Zach O'Brien.
11:25 of 1st period - Stopped by Cam Ward without a rebound.
11:26 of 1st period - Chandler Stephenson wins face-off versus Chris Mueller in Tigers zone.
11:55 of 1st period - Kyle Quincey is hit by Tom Kuhnhackl.
13:04 of 1st period - Snap shot by Yanni Gourde.
13:04 of 1st period - Deflect By Zach O'Brien.
13:04 of 1st period - Stopped by Cam Ward with a rebound.
13:06 of 1st period - Snap shot by Yanni Gourde.
13:06 of 1st period - Stopped by Cam Ward without a rebound.
13:07 of 1st period - Alexander Khokhlachev wins face-off versus Zach O'Brien in Tigers zone.
13:07 of 1st period - Alexander Khokhlachev is hit by Shawn Szydlowski.
13:20 of 1st period - Off-side.
13:21 of 1st period - Zach O'Brien wins face-off versus Alexander Khokhlachev in neutral zone.
13:32 of 1st period - Slapshot by Yanni Gourde.
13:32 of 1st period - Shot Misses the Net.
13:34 of 1st period - Wrist shot by Gabriel Beaupre.
13:34 of 1st period - Stopped by Cam Ward with a rebound.
13:36 of 1st period - Slapshot by Gabriel Beaupre.
13:36 of 1st period - Deflect By Yanni Gourde.
13:36 of 1st period - Shot Misses the Net.
13:36 of 1st period - Puck is out of play.
13:37 of 1st period - Chandler Stephenson wins face-off versus Zach O'Brien in Tigers zone.
13:53 of 1st period - Snap shot by Anthony Peluso.
13:53 of 1st period - Deflect By Ronalds Kenins.
13:53 of 1st period - Shot Blocked by Colin Miller.
13:53 of 1st period - Puck is out of play.
13:54 of 1st period - Justin Dowling wins face-off versus Chandler Stephenson in Devils zone.
13:59 of 1st period - Chandler Stephenson is hit by Justin Dowling and loses puck.
15:05 of 1st period - Snap shot by Jordan Martinook.
15:05 of 1st period - Stopped by Cam Ward with a rebound.
15:17 of 1st period - Double Minor Penalty to Ian White for Roughing.
15:18 of 1st period - Sean Collins wins face-off versus Rene Bourque in Tigers zone.
15:32 of 1st period - Off-side.
15:33 of 1st period - Sean Collins wins face-off versus Rene Bourque in neutral zone.
15:42 of 1st period - Wrist shot by Sean Collins.
15:42 of 1st period - Stopped by Cam Ward with a rebound.
15:44 of 1st period - Slapshot by Yanni Gourde.
15:44 of 1st period - Shot Blocked by Kyle Quincey.
15:46 of 1st period - Wrist shot by Tom Kuhnhackl.
15:46 of 1st period - Shot Misses the Net.
15:48 of 1st period - Snap shot by Tom Kuhnhackl.
15:48 of 1st period - Shot Misses the Net.
15:50 of 1st period - Snap shot by Colin Miller.
15:50 of 1st period - Shot Blocked by Kyle Quincey.
15:52 of 1st period - Snap shot by Sean Collins.
15:52 of 1st period - Stopped by Cam Ward with a rebound.
15:54 of 1st period - Snap shot by Sean Collins.
15:54 of 1st period - Deflect By Tom Kuhnhackl.
15:54 of 1st period - Stopped by Cam Ward with a rebound.
15:56 of 1st period - Wrist shot by Sean Collins.
15:56 of 1st period - Deflect By Yanni Gourde.
15:56 of 1st period - Shot Misses the Net.
15:56 of 1st period - Puck is out of play.
15:57 of 1st period - Chris Mueller wins face-off versus Harry Zolnierczyk in Tigers zone.
16:18 of 1st period - Snap shot by Jordan Martinook.
16:18 of 1st period - Stopped by Cam Ward without a rebound.
16:19 of 1st period - Rene Bourque wins face-off versus Chris Mueller in Tigers zone.
17:11 of 1st period - Connor Carrick is hit by Colin Miller and loses puck.
18:50 of 1st period - Yanni Gourde is hit by Ty Rattie and loses puck.
19:11 of 1st period - Wrist shot by Rene Bourque.
19:11 of 1st period - Shot Misses the Net.
19:13 of 1st period - Slapshot by Jordan Leopold.
19:13 of 1st period - Deflect By Rene Bourque.
19:13 of 1st period - Shot Misses the Net.
19:13 of 1st period - Puck is out of play.
19:14 of 1st period - Brandon Defazio wins face-off versus Chris Mueller in Devils zone.
19:17 of 1st period - Penalty to Ian White is over, Ian White is back on ice.
19:34 of 1st period - Wrist shot by Ronalds Kenins.
19:34 of 1st period - Shot Misses the Net.
19:40 of 1st period - Snap shot by Anthony Peluso.
19:40 of 1st period - Deflect By Ronalds Kenins.
19:40 of 1st period - Stopped by Anthony Stolarz without a rebound.
19:41 of 1st period - Alexander Khokhlachev wins face-off versus Justin Dowling in Devils zone.
Goals for this period are 0 for Devils vs 0 for Tigers.
Shots for this period are 14 for Devils vs 6 for Tigers.

2nd period


0:01 of 2nd period - Alexander Khokhlachev wins face-off versus Chris Mueller in neutral zone.
0:16 of 2nd period - Snap shot by Patrick Kaleta.
0:16 of 2nd period - Stopped by Anthony Stolarz with a rebound.
0:36 of 2nd period - Slapshot by Jordan Leopold.
0:36 of 2nd period - Shot Misses the Net.
0:56 of 2nd period - Snap shot by Brandon Bollig.
0:56 of 2nd period - Shot Misses the Net.
1:17 of 2nd period - Icing by Zach O'Brien.
1:18 of 2nd period - Zach O'Brien wins face-off versus Chandler Stephenson in Devils zone.
1:23 of 2nd period - Anthony Peluso is hit by Zach O'Brien and loses puck.
1:41 of 2nd period - Snap shot by Justin Dowling.
1:41 of 2nd period - Shot Misses the Net.
1:43 of 2nd period - Slapshot by John Ramage.
1:43 of 2nd period - Deflect By Matthew Ford.
1:43 of 2nd period - Stopped by Cam Ward with a rebound.
1:45 of 2nd period - Slapshot by Justin Dowling.
1:45 of 2nd period - Stopped by Cam Ward with a rebound.
1:47 of 2nd period - Wrist shot by Matthew Ford.
1:47 of 2nd period - Shot Blocked by Kane Lafranchise.
1:49 of 2nd period - Slapshot by Matthew Ford.
1:49 of 2nd period - Shot Misses the Net.
2:19 of 2nd period - Anthony Peluso and Chris Mueller fight to a draw.
2:19 of 2nd period - Penalty to Anthony Peluso for Fighting.
2:19 of 2nd period - Penalty to Chris Mueller for Fighting.
2:20 of 2nd period - Justin Dowling wins face-off versus Alexander Khokhlachev in neutral zone.
2:33 of 2nd period - Snap shot by Justin Dowling.
2:33 of 2nd period - Shot Misses the Net.
2:35 of 2nd period - Slapshot by Justin Dowling.
2:35 of 2nd period - Shot Misses the Net.
2:37 of 2nd period - Slapshot by Scott Czarnowczan.
2:37 of 2nd period - Shot Blocked by Jordan Leopold.
2:59 of 2nd period - Minor Penalty to Alexander Khokhlachev for Hooking.
3:00 of 2nd period - Matthew Ford wins face-off versus Rene Bourque in Tigers zone.
4:05 of 2nd period - Patrick Kaleta is hit by Sean Collins and loses puck.
4:10 of 2nd period - Snap shot by Sean Collins.
4:10 of 2nd period - Shot Misses the Net.
4:28 of 2nd period - Adam Comrie is hit by Gabriel Beaupre and loses puck.
4:43 of 2nd period - Justin Dowling is hit by Brandon Bollig and loses puck.
4:59 of 2nd period - Penalty to Alexander Khokhlachev is over, Alexander Khokhlachev is back on ice.
5:08 of 2nd period - Adam Comrie is hit by Darren Archibald and loses puck.
5:51 of 2nd period - Wrist shot by Ronalds Kenins.
5:51 of 2nd period - Goal by Ronalds Kenins - Devils : 0 - Tigers : 1.
5:52 of 2nd period - Zach O'Brien wins face-off versus Chandler Stephenson in neutral zone.
6:10 of 2nd period - Wrist shot by Kyle Quincey.
6:10 of 2nd period - Shot Blocked by Colin Miller.
6:12 of 2nd period - Wrist shot by Chandler Stephenson.
6:12 of 2nd period - Stopped by Anthony Stolarz with a rebound.
6:20 of 2nd period - Ronalds Kenins is hit by Colin Miller and loses puck.
7:01 of 2nd period - Wrist shot by Harry Zolnierczyk.
7:01 of 2nd period - Stopped by Anthony Stolarz with a rebound.
7:12 of 2nd period - Kyle Quincey is hit by Darren Archibald and loses puck.
7:42 of 2nd period - Alexander Khokhlachev is hit by Gabriel Beaupre and loses puck.
8:26 of 2nd period - Snap shot by Jordan Martinook.
8:26 of 2nd period - Stopped by Cam Ward without a rebound.
8:27 of 2nd period - Yanni Gourde wins face-off versus Chandler Stephenson in Tigers zone.
8:32 of 2nd period - Snap shot by Yanni Gourde.
8:32 of 2nd period - Goal by Yanni Gourde - Devils : 1 - Tigers : 1.
8:33 of 2nd period - Carter Rowney wins face-off versus Zach O'Brien in neutral zone.
8:49 of 2nd period - Snap shot by Zach O'Brien.
8:49 of 2nd period - Stopped by Cam Ward with a rebound.
8:51 of 2nd period - Wrist shot by Zach O'Brien.
8:51 of 2nd period - Shot Blocked by Brandon Bollig.
9:19 of 2nd period - Carter Rowney is hit by Matthew Ford and loses puck.
10:15 of 2nd period - Slapshot by Kyle Quincey.
10:15 of 2nd period - Stopped by Anthony Stolarz with a rebound.
11:44 of 2nd period - Slapshot by Justin Dowling.
11:44 of 2nd period - Shot Misses the Net.
11:46 of 2nd period - Snap shot by Justin Dowling.
11:46 of 2nd period - Stopped by Cam Ward with a rebound.
11:48 of 2nd period - Wrist shot by Matthew Ford.
11:48 of 2nd period - Shot Misses the Net.
11:50 of 2nd period - Snap shot by Justin Dowling.
11:50 of 2nd period - Shot Misses the Net.
11:52 of 2nd period - Wrist shot by Matthew Ford.
11:52 of 2nd period - Shot Misses the Net.
12:24 of 2nd period - Alexander Khokhlachev is hit by Jordan Martinook and loses puck.
12:50 of 2nd period - Off-side.
12:51 of 2nd period - Chandler Stephenson wins face-off versus Sean Collins in neutral zone.
12:58 of 2nd period - Slapshot by Ronalds Kenins.
12:58 of 2nd period - Stopped by Anthony Stolarz without a rebound.
12:59 of 2nd period - Chandler Stephenson wins face-off versus Zach O'Brien in Devils zone.
13:29 of 2nd period - Snap shot by Ty Rattie.
13:29 of 2nd period - Shot Blocked by Zach O'Brien.
13:31 of 2nd period - Slapshot by Ian White.
13:31 of 2nd period - Shot Misses the Net.
13:33 of 2nd period - Snap shot by Brandon Bollig.
13:33 of 2nd period - Deflect By Ty Rattie.
13:33 of 2nd period - Shot Misses the Net.
13:33 of 2nd period - Puck is out of play.
13:34 of 2nd period - Justin Dowling wins face-off versus Carter Rowney in Devils zone.
14:15 of 2nd period - Ronalds Kenins is hit by Scott Czarnowczan.
15:18 of 2nd period - Off-side.
15:19 of 2nd period - Carter Rowney wins face-off versus Yanni Gourde in neutral zone.
16:16 of 2nd period - Curtis Hamilton is hit by Kyle Quincey and loses puck.
16:31 of 2nd period - Kyle Quincey is hit by Chris Mueller and loses puck.
16:47 of 2nd period - Snap shot by Chris Mueller.
16:47 of 2nd period - Stopped by Cam Ward with a rebound.
16:49 of 2nd period - Snap shot by Tom Kuhnhackl.
16:49 of 2nd period - Stopped by Cam Ward with a rebound.
17:31 of 2nd period - Icing by Ronalds Kenins.
17:32 of 2nd period - Yanni Gourde wins face-off versus Chandler Stephenson in Tigers zone.
17:49 of 2nd period - Wrist shot by Patrick Kaleta.
17:49 of 2nd period - Shot Blocked by Yanni Gourde.
18:02 of 2nd period - Jordan Leopold is hit by Scooter Vaughan and loses puck.
18:19 of 2nd period - Rene Bourque is hit by Chris Mueller and loses puck.
18:24 of 2nd period - Snap shot by Chris Mueller.
18:24 of 2nd period - Stopped by Cam Ward with a rebound.
18:50 of 2nd period - Justin Dowling is hit by Brandon Defazio and loses puck.
19:13 of 2nd period - Jordan Leopold is hit by Matthew Ford.
19:19 of 2nd period - Wrist shot by Ronalds Kenins.
19:19 of 2nd period - Shot Misses the Net.
19:21 of 2nd period - Snap shot by Ronalds Kenins.
19:21 of 2nd period - Stopped by Anthony Stolarz with a rebound.
19:23 of 2nd period - Snap shot by Connor Carrick.
19:23 of 2nd period - Deflect By Anthony Peluso.
19:23 of 2nd period - Shot Misses the Net.
19:23 of 2nd period - Puck is out of play.
19:24 of 2nd period - Chandler Stephenson wins face-off versus Zach O'Brien in Devils zone.
19:59 of 2nd period - Off-side.
Goals for this period are 1 for Devils vs 1 for Tigers.
Shots for this period are 9 for Devils vs 7 for Tigers.

3rd period


0:01 of 3rd period - Alexander Khokhlachev wins face-off versus Chris Mueller in neutral zone.
0:43 of 3rd period - Minor Penalty to Rene Bourque for Hooking.
0:44 of 3rd period - Harry Zolnierczyk wins face-off versus Sean Collins in Tigers zone.
2:43 of 3rd period - Penalty to Rene Bourque is over, Rene Bourque is back on ice.
2:47 of 3rd period - Scooter Vaughan is hit by Chandler Stephenson and loses puck.
3:21 of 3rd period - Snap shot by Justin Dowling.
3:21 of 3rd period - Deflect By Curtis Hamilton.
3:21 of 3rd period - Stopped by Cam Ward with a rebound.
3:23 of 3rd period - Slapshot by Scott Czarnowczan.
3:23 of 3rd period - Deflect By Justin Dowling.
3:23 of 3rd period - Shot Misses the Net.
3:23 of 3rd period - Puck is out of play.
3:24 of 3rd period - Alexander Khokhlachev wins face-off versus Justin Dowling in Tigers zone.
3:24 of 3rd period - Alexander Khokhlachev is hit by Curtis Hamilton.
3:45 of 3rd period - Slapshot by Justin Dowling.
3:45 of 3rd period - Shot Blocked by Adam Comrie.
4:23 of 3rd period - Slapshot by Brandon Bollig.
4:23 of 3rd period - Stopped by Anthony Stolarz without a rebound.
4:24 of 3rd period - Darren Archibald wins face-off versus Chandler Stephenson in Devils zone.
4:44 of 3rd period - Minor Penalty to Anthony Peluso for Interference.
4:45 of 3rd period - Chris Mueller wins face-off versus Rene Bourque in Tigers zone.
4:45 of 3rd period - Snap shot by Jordan Martinook.
4:45 of 3rd period - Stopped by Cam Ward without a rebound.
4:46 of 3rd period - Chris Mueller wins face-off versus Rene Bourque in Tigers zone.
5:15 of 3rd period - Backhand shot by Chris Mueller.
5:15 of 3rd period - Shot Misses the Net.
5:17 of 3rd period - Snap shot by Zach O'Brien.
5:17 of 3rd period - Stopped by Cam Ward with a rebound.
5:19 of 3rd period - Snap shot by Jordan Martinook.
5:19 of 3rd period - Shot Misses the Net.
5:21 of 3rd period - Wrist shot by Jordan Martinook.
5:21 of 3rd period - Stopped by Cam Ward without a rebound.
5:22 of 3rd period - Sean Collins wins face-off versus Patrick Kaleta in Tigers zone.
5:46 of 3rd period - Slapshot by Yanni Gourde.
5:46 of 3rd period - Stopped by Cam Ward with a rebound.
5:48 of 3rd period - Slapshot by Gabriel Beaupre.
5:48 of 3rd period - Stopped by Cam Ward with a rebound.
6:21 of 3rd period - Adam Comrie is hit by Gabriel Beaupre and loses puck.
6:42 of 3rd period - Snap shot by Tom Kuhnhackl.
6:42 of 3rd period - Stopped by Cam Ward with a rebound.
6:44 of 3rd period - Penalty to Anthony Peluso is over, Anthony Peluso is back on ice.
6:48 of 3rd period - Scott Czarnowczan is hit by Adam Comrie and loses puck.
7:07 of 3rd period - Wrist shot by Ronalds Kenins.
7:07 of 3rd period - Shot Misses the Net.
7:09 of 3rd period - Wrist shot by Ronalds Kenins.
7:09 of 3rd period - Deflect By Anthony Peluso.
7:09 of 3rd period - Stopped by Anthony Stolarz with a rebound.
7:11 of 3rd period - Slapshot by Kane Lafranchise.
7:11 of 3rd period - Deflect By Colin Miller.
7:11 of 3rd period - Stopped by Anthony Stolarz without a rebound.
7:12 of 3rd period - Chandler Stephenson wins face-off versus Justin Dowling in Devils zone.
7:19 of 3rd period - Snap shot by Ronalds Kenins.
7:19 of 3rd period - Shot Blocked by Gabriel Beaupre.
7:21 of 3rd period - Slapshot by Kane Lafranchise.
7:21 of 3rd period - Stopped by Anthony Stolarz with a rebound.
7:23 of 3rd period - Slapshot by Kane Lafranchise.
7:23 of 3rd period - Shot Blocked by Curtis Hamilton.
7:25 of 3rd period - Slapshot by Ian White.
7:25 of 3rd period - Stopped by Anthony Stolarz with a rebound.
7:27 of 3rd period - Snap shot by Ronalds Kenins.
7:27 of 3rd period - Stopped by Anthony Stolarz with a rebound.
7:45 of 3rd period - Snap shot by Matthew Ford.
7:45 of 3rd period - Stopped by Cam Ward with a rebound.
8:21 of 3rd period - Ty Rattie is hit by Scott Czarnowczan and loses puck.
8:50 of 3rd period - Wrist shot by Sean Collins.
8:50 of 3rd period - Stopped by Cam Ward with a rebound.
8:52 of 3rd period - Slapshot by Darren Archibald.
8:52 of 3rd period - Stopped by Cam Ward with a rebound.
9:56 of 3rd period - Wrist shot by Ronalds Kenins.
9:56 of 3rd period - Shot Misses the Net.
10:08 of 3rd period - Wrist shot by Patrick Kaleta.
10:08 of 3rd period - Shot Misses the Net.
10:46 of 3rd period - Wrist shot by Chris Mueller.
10:46 of 3rd period - Shot Blocked by Connor Carrick.
11:50 of 3rd period - Slapshot by Colin Miller.
11:50 of 3rd period - Stopped by Cam Ward with a rebound.
12:20 of 3rd period - Sena Acolatse is hit by Anthony Peluso.
12:41 of 3rd period - Minor Penalty to Anthony Peluso for Slashing.
12:42 of 3rd period - Chris Mueller wins face-off versus Rene Bourque in Tigers zone.
12:47 of 3rd period - Snap shot by Zach O'Brien.
12:47 of 3rd period - Shot Blocked by Kyle Quincey.
12:49 of 3rd period - Wrist shot by Jordan Martinook.
12:49 of 3rd period - Stopped by Cam Ward with a rebound.
13:28 of 3rd period - Jordan Leopold is hit by Jordan Martinook and loses puck.
14:41 of 3rd period - Penalty to Anthony Peluso is over, Anthony Peluso is back on ice.
15:00 of 3rd period - Alexander Khokhlachev is hit by Curtis Hamilton and loses puck.
15:05 of 3rd period - Snap shot by Justin Dowling.
15:05 of 3rd period - Stopped by Cam Ward with a rebound.
15:07 of 3rd period - Slapshot by Gabriel Beaupre.
15:07 of 3rd period - Shot Misses the Net.
15:18 of 3rd period - Slapshot by Gabriel Beaupre.
15:18 of 3rd period - Stopped by Cam Ward without a rebound.
15:19 of 3rd period - Carter Rowney wins face-off versus Justin Dowling in Tigers zone.
15:19 of 3rd period - Carter Rowney is hit by John Ramage.
15:34 of 3rd period - Matthew Ford is hit by Carter Rowney and loses puck.
15:57 of 3rd period - Wrist shot by Anthony Peluso.
15:57 of 3rd period - Shot Misses the Net.
16:17 of 3rd period - Shawn Szydlowski is hit by Alexander Khokhlachev and loses puck.
19:16 of 3rd period - Snap shot by Harry Zolnierczyk.
19:16 of 3rd period - Shot Blocked by Sean Collins.
19:43 of 3rd period - Wrist shot by Ty Rattie.
19:43 of 3rd period - Shot Blocked by Colin Miller.
Goals for this period are 0 for Devils vs 0 for Tigers.
Shots for this period are 14 for Devils vs 6 for Tigers.

Overtime #1


0:01 of 1st overtime period - Brandon Bollig wins face-off versus Justin Dowling in neutral zone.
0:20 of 1st overtime period - Slapshot by Scott Czarnowczan.
0:20 of 1st overtime period - Stopped by Cam Ward with a rebound.
0:52 of 1st overtime period - Scott Czarnowczan is hit by Brandon Bollig and loses puck.
0:59 of 1st overtime period - Snap shot by Rene Bourque.
0:59 of 1st overtime period - Stopped by Anthony Stolarz with a rebound.
2:31 of 1st overtime period - Brandon Defazio is hit by Curtis Hamilton and loses puck.
3:10 of 1st overtime period - Sena Acolatse is hit by Kyle Quincey and loses puck.
3:28 of 1st overtime period - Brandon Bollig is hit by Tom Kuhnhackl and loses puck.
3:45 of 1st overtime period - Snap shot by Curtis Hamilton.
3:45 of 1st overtime period - Shot Blocked by Kyle Quincey.
3:47 of 1st overtime period - Snap shot by Chris Mueller.
3:47 of 1st overtime period - Shot Misses the Net.
3:49 of 1st overtime period - Slapshot by Gabriel Beaupre.
3:49 of 1st overtime period - Shot Blocked by Jordan Leopold.
3:55 of 1st overtime period - Slapshot by Curtis Hamilton.
3:55 of 1st overtime period - Stopped by Cam Ward with a rebound.
3:57 of 1st overtime period - Slapshot by Scooter Vaughan.
3:57 of 1st overtime period - Stopped by Cam Ward with a rebound.
4:13 of 1st overtime period - Patrick Kaleta is hit by Tom Kuhnhackl and loses puck.
4:22 of 1st overtime period - Snap shot by Connor Carrick.
4:22 of 1st overtime period - Shot Blocked by Tom Kuhnhackl.
4:24 of 1st overtime period - Slapshot by Connor Carrick.
4:24 of 1st overtime period - Stopped by Anthony Stolarz with a rebound.
4:26 of 1st overtime period - Snap shot by Ty Rattie.
4:26 of 1st overtime period - Stopped by Anthony Stolarz without a rebound.
4:27 of 1st overtime period - Justin Dowling wins face-off versus Patrick Kaleta in Devils zone.
Goals for this period are 0 for Devils vs 0 for Tigers.
Shots for this period are 3 for Devils vs 3 for Tigers.

ShootOut


5:00 of 1st overtime period - Penalty Shot by Tom Kuhnhackl for Devils.
5:00 of 1st overtime period - Snap shot by Tom Kuhnhackl.
5:00 of 1st overtime period - Stopped by Cam Ward.
5:00 of 1st overtime period - Penalty Shot by Rene Bourque for Tigers.
5:00 of 1st overtime period - Snap shot by Rene Bourque.
5:00 of 1st overtime period - Stopped by Anthony Stolarz.
5:00 of 1st overtime period - Penalty Shot by Justin Dowling for Devils.
5:00 of 1st overtime period - Snap shot by Justin Dowling.
5:00 of 1st overtime period - Stopped by Cam Ward.
5:00 of 1st overtime period - Penalty Shot by Brandon Bollig for Tigers.
5:00 of 1st overtime period - Backhand shot by Brandon Bollig.
5:00 of 1st overtime period - Shot Misses the Net.
5:00 of 1st overtime period - Penalty Shot by Chris Mueller for Devils.
5:00 of 1st overtime period - Deke by Chris Mueller.
5:00 of 1st overtime period - Stopped by Cam Ward.
5:00 of 1st overtime period - Penalty Shot by Patrick Kaleta for Tigers.
5:00 of 1st overtime period - Deke by Patrick Kaleta.
5:00 of 1st overtime period - Stopped by Anthony Stolarz.
5:00 of 1st overtime period - Penalty Shot by Jordan Martinook for Devils.
5:00 of 1st overtime period - Snap shot by Jordan Martinook.
5:00 of 1st overtime period - Stopped by Cam Ward.
5:00 of 1st overtime period - Penalty Shot by Ty Rattie for Tigers.
5:00 of 1st overtime period - Deke by Ty Rattie.
5:00 of 1st overtime period - Shot Misses the Net.
5:00 of 1st overtime period - Penalty Shot by Matthew Ford for Devils.
5:00 of 1st overtime period - Deke by Matthew Ford.
5:00 of 1st overtime period - Stopped by Cam Ward.
5:00 of 1st overtime period - Penalty Shot by Ronalds Kenins for Tigers.
5:00 of 1st overtime period - Wrist shot by Ronalds Kenins.
5:00 of 1st overtime period - Goal by Ronalds Kenins.